 Dungeon Crawl Stone Soup version 0.29.1-2-gbd0b4ee654 (webtiles) character file.

Game seed: 2648797415595437053

10621 leafyfresh the Destroyer (level 11, -28/67 HPs)
             Began as a Tengu Air Elementalist on Nov 8, 2022.
             Was a Believer of Vehumet.
             Annihilated by a centaur warrior
             ... wielding a +0 morningstar
              (31 damage)
             ... on level 10 of the Dungeon.
             The game lasted 00:58:02 (20487 turns).

leafyfresh the Destroyer (Tengu Air Elementalist)  Turns: 20487, Time: 00:58:04

Health: -28/67     AC: 10    Str:  9    XL:     11   Next: 65%
Magic:  25/38      EV: 19    Int: 23    God:    Vehumet [**....]
Gold:   469        SH:  0    Dex: 15    Spells: 0/20 levels left

rFire   . . .      SeeInvis .   B - +8 demon blade "Leech" {vamp, Harm Drain rN+}
rCold   . . .      Faith    .   (no shield)
rNeg    + + .      Spirit   .   a - +0 robe
rPois   +          Reflect  .   I - +3 hat of Pondering {ponderous, Will+ MP+10 Int+5}
rElec   .          Harm     +   M - +2 ratskin cloak {*Rats rPois rN+ Str-1 Int-1 Dex+1}
rCorr   .          Rampage  .   (no gloves)
Will    +....                   (boots unavailable)
Stlth   +++.......              (no amulet)
HPRegen 0.21/turn               x - ring of magical power
MPRegen 0.26/turn               (no ring)

@: about to teleport, freezing walls, flying quickly and evasively, very
slightly contaminated
A: beak, talons 3, nimble flight, iridescent scales 1, mutation resistance 1
a: Renounce Religion


You were on level 10 of the Dungeon.
You worshipped Vehumet.
Vehumet was pleased with you.
You visited 2 branches of the dungeon, and saw 12 of its levels.
You also visited: Ossuary.

You collected 469 gold pieces.

Inventory:

Hand Weapons
 w - the +6 quarterstaff "Pihics" {pain, *Noise rF+ Str+7}
   (You found it on level 5 of the Dungeon)

   In the hands of one skilled in necromantic magic, it inflicts extra damage on
   living creatures.
   Str:       It affects your strength (+7).
   rF:        It protects you from fire.
   *Noise:    It may make noises in combat.
 B - the +8 demon blade "Leech" (weapon) {vamp, Harm Drain rN+}
   (You found it on level 9 of the Dungeon)

   It heals its wielder for a portion of the damage dealt every time it strikes
   a living foe.
   rN:        It protects you from negative energy.
   Drain:     It drains your maximum health when unequipped.
   Harm:      It increases damage dealt and taken.
Missiles
 d - 24 poisoned darts (quivered)
 A - 3 boomerangs of dispersal
Armour
 a - a +0 robe (worn)
 z - a +0 cloak
 I - the +3 hat of Pondering (worn) {ponderous, Will+ MP+10 Int+5}
   (You took it off Gastronok on level 8 of the Dungeon)

   Int:       It affects your intelligence (+5).
   MP:        It affects your magic capacity (+10).
   Will:      It increases your willpower.
 M - the +2 ratskin cloak (worn) {*Rats rPois rN+ Str-1 Int-1 Dex+1}
   (You found it on level 10 of the Dungeon)

   When the wearer is hurt, rats may emerge from it to assist them.
   Str:       It affects your strength (-1).
   Int:       It affects your intelligence (-1).
   Dex:       It affects your dexterity (+1).
   rPois:     It protects you from poison.
   rN:        It protects you from negative energy.
Magical Staves
 H - a staff of earth
 K - a staff of poison
Jewellery
 x - a ring of magical power (left hand)
Wands
 t - a wand of acid (22)
 y - a wand of iceblast (3)
 D - a wand of flame (26)
 E - a wand of charming (3)
Scrolls
 c - 2 scrolls of enchant weapon
 f - a scroll of poison
 g - 7 scrolls of teleportation
 i - a scroll of enchant armour {unknown}
 k - a scroll of silence {unknown}
 l - 7 scrolls of amnesia
 m - a scroll of magic mapping {unknown}
 o - a scroll of summoning
 q - 4 scrolls of butterflies
 r - 3 scrolls of fear
 v - a scroll of blinking
 L - a scroll of identify
Potions
 b - a potion of magic
 e - 4 potions of flight
 h - 2 potions of brilliance
 j - 2 potions of heal wounds {unknown}
 n - a potion of attraction {unknown}
 p - a potion of resistance {unknown}
 s - a potion of curing
 u - a potion of ambrosia {unknown}
 C - a potion of haste {unknown}
 F - a potion of berserk rage
Miscellaneous
 G - a piece from Xom's chessboard (15/15)
 J - a phantom mirror (inert)


   Skills:
 - Level 7.6 Fighting
 - Level 9.0 Dodging
 - Level 6.4 Stealth
 - Level 5.0 Spellcasting
 - Level 11.5 Conjurations
 + Level 1.2 Necromancy
 - Level 7.0 Fire Magic
 + Level 1.0 Ice Magic
 - Level 7.7 Air Magic


You couldn't memorise any spells.
You knew the following spells:

 Your Spells              Type           Power      Damage    Failure   Level
a - Shock                 Conj/Air       100%       1d9       1%          1
b - Static Discharge      Conj/Air       50%        3-10/arc  1%          2
c - Swiftness             Air            41%        N/A       1%          3
d - Airstrike             Air            20%        2d(3-19)  4%          4
e - Flame Wave            Conj/Fire      48%        2d12      1%          4
f - Vampiric Draining     Necr           11%        2d6       17%         3
g - Frozen Ramparts       Ice            20%        1d4       19%         3

Your spell library contained the following spells:

 Spells                   Type           Power      Damage    Failure   Level
 Scorch                   Fire           76%        2d9       1%          2
 Stone Arrow              Conj/Erth      64%        3d11      2%          3
 Necrotise                Necr           44%        1d6       5%          1
 Apportation              Tloc           10%        N/A       10%         1
 Slow                     Hex            20%        N/A       10%         1
 Summon Small Mammal      Summ           20%        N/A       10%         1
 Confusing Touch          Hex            5%         N/A       28%         3
 Portal Projectile        Hex/Tloc       10%        N/A       28%         3
 Tukima's Dance           Hex            5%         N/A       28%         3
 Animate Armour           Summ/Erth      10%        N/A       67%         4
 Passage of Golubria      Tloc           5%         N/A       67%         4
 Blade Hands              Tmut           2%         N/A       95%         5
 Yara's Violent Unravell  Hex/Tmut       2%         3d3       95%         5
 Summon Cactus Giant      Summ           2%         N/A       100%        6
 Lehudib's Crystal Spear  Conj/Erth      16%        10d5      100%        8


Dungeon Overview and Level Annotations

Branches:
Dungeon (11/15)            Temple (1/1) D:4            Lair (0/5) D:8
Ossuary (visited)
    Orc: D:9-12

Altars:
Ashenzari
Cheibriados
Dithmenos
Elyvilon
Fedhas
Gozag
Hepliaklqana
Kikubaaqudgha
Makhleb
Nemelex Xobeh
Okawaru
Qazlal
Ru
Sif Muna
Trog
Uskayaw
Vehumet
Wu Jian
Xom
Yredelemnul
Zin
The Shining One

Shops:
D:8 *


Innate Abilities, Weirdness & Mutations

You have a beak for a mouth.
You have claws for feet.
Your magical nature lets you fly swiftly and evasively.
You are partially covered in iridescent scales. (AC +2)
You are somewhat resistant to further mutation.


Message History

Aim: a gnoll sergeant, wielding a +0 trident, wearing a +0 scale mail and wearing a +0 buckler (severely wounded, ally target, empty space bonus: 1/8)
The air twists around and strikes the gnoll sergeant.
The gnoll sergeant is severely wounded.
The wall freezes the centaur warrior but does no damage.
The centaur warrior shoots an arrow.
The arrow hits you!
* * * LOW HITPOINT WARNING * * *
The wall freezes the gnoll sergeant but does no damage.
The gnoll sergeant misses you.
The wall freezes the centaur warrior but does no damage.
The centaur warrior shoots an arrow.
The arrow misses you. The arrow hits your river rat!
Your river rat closely misses the gnoll sergeant.
As you read the scroll of teleportation, it crumbles to dust.
You feel strangely unstable.
The wall freezes the centaur warrior.
The centaur warrior shoots an arrow.
The arrow barely misses you. The arrow hits your river rat!
Your river rat dies!
The wall freezes the gnoll sergeant.
The gnoll sergeant hits you from afar with a +0 trident.
* * * LOW HITPOINT WARNING * * *
You feel better.
The wall freezes the centaur warrior but does no damage.
The centaur warrior unwields a +0 shortbow.
The centaur warrior wields a +0 morningstar.
The centaur warrior drinks a potion.
The centaur warrior goes berserk!
The wall freezes the gnoll sergeant.
The gnoll sergeant closely misses you.
Unknown command.
You feel better.
The wall freezes the centaur warrior but does no damage.
The centaur warrior rages.
The wall freezes the centaur warrior.
The centaur warrior hits you with a +0 morningstar!
* * * LOW HITPOINT WARNING * * *
The centaur warrior completely misses you.
The wall freezes the gnoll sergeant but does no damage.
The gnoll sergeant hits you from afar with a +0 trident!
* * * LOW HITPOINT WARNING * * *
The wall freezes the centaur warrior but does no damage.
The centaur warrior hits you with a +0 morningstar!!
You die...

#.........#
#.#............
#.........#
#.#.#.#........
#.........#
#.#.#.###.####'
######.....
####.#.#.# #....#.
.......
..#....#.###....#.
........
#.#..........#....
#g#.####.##..#....
#.#......##..#....
#@#########..#..##
#c###.#.###..#..#.
#.##..#..##..#..#.
#.#..#.#..#..#..#.
#..##...##..##..#.
#.#..#(#..####..#.
#.##..#..## #..#.
##'###.#.## #..#.
#....##########..#.


You could see a centaur warrior (berserk) and a gnoll sergeant.

Vanquished Creatures
  Gastronok (D:8)
  Joseph (D:9)
  A gargoyle (D:10)
  An unseen horror (shapeshifter) (D:10)
  A hornet (D:10)
  A polar bear (D:8)
  Prince Ribbit (D:7)
  A shadow (D:10)
  A wraith (D:9)
  8 yaks
  Grum (D:8)
  Eustachio (D:6)
  3 vampire mosquitoes (D:10)
  A steam dragon (D:7)
  A water moccasin (D:4)
  6 ice beasts
  3 orc warriors
  2 sky beasts (D:7)
  3 black bears
  4 wolves (D:8)
  8 centaurs
  2 phantoms
  2 kobold brigands
  2 gnoll sergeants
  A bullfrog (D:9)
  A necrophage (D:6)
  11 scorpions
  10 wights
  18 killer bees
  A howler monkey (D:10)
  2 electric eels (D:8)
  2 centaur zombies (Ossuary)
  A hound (D:5)
  2 jellies (D:4)
  An orc priest (D:10)
  A gnoll bouda (D:7)
  2 iguanas
  5 orc wizards
  2 scorpion zombies (Ossuary)
  A centaur simulacrum (D:8)
  3 mummies (Ossuary)
  13 gnolls
  7 adders
  A shadow imp (D:5)
  3 white imps (D:8)
  2 howler monkey simulacra (D:8)
  An ufetubus (D:6)
  A worm (D:2)
  2 dart slugs (D:3)
  27 orcs
  5 ball pythons
  9 endoplasms
  4 giant cockroaches
  2 goblins (D:4)
  4 hobgoblins
  4 jackals
  3 quokkas
  4 bats
  A frilled lizard (D:2)
  4 gnoll zombies (Ossuary)
  4 hobgoblin zombies (Ossuary)
  11 kobolds
  3 kobold zombies (Ossuary)
  2 orc zombies (Ossuary)
  4 rats
241 creatures vanquished.

Notes
Turn   | Place    | Note
-------+----------+-------------------------------------------
     0 | D:1      | leafyfresh the Tengu Air Elementalist began the quest for
                  | the Orb.
     0 | D:1      | Reached XP level 1. HP: 10/10 MP: 4/4
  1057 | D:2      | Reached XP level 2. HP: 10/15 MP: 0/6
  1060 | D:2      | Learned a level 2 spell: Static Discharge
  1280 | D:2      | Reached skill level 2 in Conjurations
  1502 | D:2      | Reached XP level 3. HP: 14/19 MP: 3/7
  2868 | D:3      | Reached XP level 4. HP: 24/24 MP: 8/8
  3620 | D:3      | Noticed a scorpion
  3624 | D:3      | Learned a level 3 spell: Swiftness
  3632 | D:3      | Found an opulent altar of Gozag.
  3694 | D:3      | Killed a scorpion
  3695 | D:3      | Reached skill level 3 in Conjurations
  3695 | D:3      | Gained mutation: Your magical nature lets you fly swiftly
                  | and evasively. [Tengu growth]
  3695 | D:3      | Reached XP level 5. HP: 6/28 MP: 4/10
  4469 | D:4      | Found a sand-covered staircase.
  4475 | D:4      | Reached skill level 5 in Air Magic
  4563 | Ossuary  | Entered an ossuary
  4654 | Ossuary  | Reached skill level 4 in Conjurations
  4654 | Ossuary  | Reached XP level 6. HP: 32/32 MP: 5/11
  4728 | Ossuary  | Reached skill level 5 in Conjurations
  5151 | Ossuary  | Reached XP level 7. HP: 36/36 MP: 8/12
  5182 | Ossuary  | Reached skill level 6 in Conjurations
  5930 | D:4      | Reached skill level 1 in Fighting
  6162 | D:4      | Reached XP level 8. HP: 33/44 MP: 8/13
  6575 | D:4      | Found a staircase to the Ecumenical Temple.
  6590 | Temple   | Entered the Ecumenical Temple
  6773 | Temple   | Became a worshipper of Vehumet
  6884 | D:5      | Entered Level 5 of the Dungeon
  7594 | D:5      | Identified the +6 quarterstaff "Pihics" {pain, *Noise rF+
                  | Str+7}
  7602 | D:5      | Reached skill level 5 in Dodging
  7684 | D:5      | Reached skill level 5 in Stealth
  8021 | D:5      | Reached skill level 7 in Conjurations
  8555 | D:6      | Reached XP level 9. HP: 22/52 MP: 5/14
  9728 | D:6      | Noticed Eustachio
  9754 | D:6      | Killed Eustachio
  9755 | D:6      | Reached skill level 8 in Conjurations
 10297 | D:6      | Reached skill level 5 in Fighting
 10887 | D:7      | Gained mutation: You are somewhat resistant to further
                  | mutation. [potion of mutation]
 10887 | D:7      | Lost mutation: You are somewhat resistant to further
                  | mutation. [potion of mutation]
 10888 | D:7      | Gained mutation: Your movements are slightly less
                  | encumbered by armour. (ER -2) [potion of mutation]
 10888 | D:7      | Gained mutation: Armour fits poorly on your strangely
                  | shaped body. [potion of mutation]
 10888 | D:7      | Gained mutation: You are somewhat resistant to further
                  | mutation. [potion of mutation]
 10889 | D:7      | Lost mutation: Your movements are slightly less encumbered
                  | by armour. (ER -2) [potion of mutation]
 10889 | D:7      | Lost mutation: Armour fits poorly on your strangely shaped
                  | body. [potion of mutation]
 10889 | D:7      | Gained mutation: You are partially covered in iridescent
                  | scales. (AC +2) [potion of mutation]
 11545 | D:7      | Reached skill level 9 in Conjurations
 11552 | D:7      | Reached * piety under Vehumet
 11552 | D:7      | Offered knowledge of Sandblast by Vehumet.
 11902 | D:7      | Noticed Prince Ribbit
 11910 | D:7      | Killed Prince Ribbit
 12256 | D:7      | Reached XP level 10. HP: 49/60 MP: 15/15
 12838 | D:8      | Found Ximnu Jem's Assorted Antiques.
 12920 | D:8      | Reached skill level 10 in Conjurations
 12982 | D:8      | Learned a level 4 spell: Airstrike
 12991 | D:8      | Learned a level 4 spell: Flame Wave
 13206 | D:8      | Found a staircase to the Lair.
 13251 | D:8      | Noticed Gastronok
 13428 | D:8      | Found a hide-covered altar of Uskayaw.
 13760 | D:8      | Reached skill level 1 in Fire Magic
 14406 | D:8      | Noticed Grum
 14412 | D:8      | Killed Grum
 14426 | D:8      | Reached skill level 5 in Fire Magic
 14719 | D:8      | Found an ornate altar of the Wu Jian Council.
 14719 | D:8      | Found a glowing silver altar of Zin.
 14719 | D:8      | Found an iron altar of Okawaru.
 14748 | D:8      | Reached ** piety under Vehumet
 14748 | D:8      | Offered knowledge of Poisonous Vapours by Vehumet.
 16012 | D:9      | Found a shadowy altar of Dithmenos.
 16014 | D:9      | Found a burning altar of Makhleb.
 16014 | D:9      | Found a stormy altar of Qazlal.
 16019 | D:9      | Found a glowing golden altar of the Shining One.
 16194 | D:9      | Found the +8 demon blade "Leech" {vamp, Harm Drain rN+}
 16436 | D:9      | Noticed Joseph
 17040 | D:9      | Reached XP level 11. HP: 54/66 MP: 17/17
 17187 | D:9      | Killed Joseph
 17231 | D:10     | Entered Level 10 of the Dungeon
 17439 | D:8      | Reached skill level 11 in Conjurations
 18153 | D:8      | Killed Gastronok
 18718 | D:10     | Offered knowledge of Frozen Ramparts by Vehumet.
 19227 | D:10     | Found a basalt altar of Yredelemnul.
 19345 | D:10     | Reached skill level 5 in Spellcasting
 19396 | D:10     | Noticed a cyclops
 19445 | D:9      | Learned a level 3 spell: Vampiric Draining
 19449 | D:9      | Learned a level 3 spell: Frozen Ramparts
 19479 | D:10     | Noticed a centaur warrior
 19885 | D:11     | Noticed a centaur warrior
 20277 | D:10     | Found the +2 ratskin cloak {*Rats rPois rN+ Str-1 Int-1
                  | Dex+1}
 20342 | D:10     | Reached skill level 1 in Necromancy
 20342 | D:10     | Reached skill level 1 in Ice Magic
 20487 | D:10     | HP: 3/67 [gnoll sergeant/+0 trident (10)]
 20487 | D:10     | Annihilated by a centaur warrior

Illustrated notes

Levels and vault maps discovered:
D:1:      ebering_hopf_link, layout_loops_corners
D:2:      layout_basic, nicolae_kite_square_tiling_tiny, columned_hall_lemuel,
          roderic_roman_lattice, chequers_serial_rivers_micro_b,
          nicolae_elevator_lobby_plus
D:3:      layout_loops_corners, grunt_gozag_statues, kennysheep_cluttered_room
D:4:      layout_cave_pools, temple_hall, nicolae_ossuary_entry_monument
D:5:      layout_loops_ring
D:6:      layout_layer_cave, uniq_eustachio
D:7:      layout_loops_corners, amcnicky_mini_pool_small, uniq_prince_ribbit1
D:8:      layout_loops_ring, grunt_temple_overflow_diamond,
          mainiacjoe_overflow_24_doors, lair_entry_dummy, serial_ice,
          serial_ice_i, serial_ice_f, serial_ice_d, serial_ice_o, serial_ice_n,
          serial_shops, nicolae_stop_n_shop_2, bh_walls_and_bars, uniq_grum,
          uniq_gastronok
D:9:      layout_gridville, grunt_temple_overflow_open,
          hellmonk_bongcloud_opening, minivault_11, uniq_joseph
D:10:     minmay_bloctagon_deflated, layout_basic, lemuel_tele_altar,
          wad_rectangle_vault
D:11:     layout_loops_ring, amcnicky_mini_rare_corridor_liquid,
          minmay_misc_feat_hallway
Temple:   hellmonk_temple_flake

Skill      XL: |  1  2  3  4  5  6  7  8  9 10 11 |
---------------+----------------------------------+-----
Conjurations   | 2 3 4 5 6 7 9 10 11 | 11.5
Dodging        | 3 5 7 8 9 |  9.0
Stealth        | 3 5 6 |  6.4
Air Magic      | 5 6 7 |  7.7
Fighting       | 1 4 6 7 |  7.6
Spellcasting   | 3 5 |  5.0
Fire Magic     | 7 |  7.0
Necromancy     | 1 |  1.2
Ice Magic      | 1 |  1.0

Action                   |  1- 3 |  4- 6 |  7- 9 | 10-12 || total
-------------------------+-------+-------+-------+-------++-------
Melee: Unarmed           |    33 |    23 |    46 |       ||   102
       Peck              |     7 |     3 |    15 |     4 ||    29
       Kick              |     7 |     6 |    20 |     5 ||    38
       Punch             |       |       |     1 |       ||     1
       Quarterstaff      |       |       |    31 |     8 ||    39
       Demon blade       |       |       |       |     5 ||     5
Throw: Dart              |     1 |       |     2 |       ||     3
 Cast: Shock             |    50 |    38 |   149 |   162 ||   399
       Static Discharge  |     2 |    11 |    74 |    60 ||   147
       Swiftness         |       |       |     1 |     6 ||     7
       Flame Wave        |       |       |       |    10 ||    10
       Airstrike         |       |       |       |    36 ||    36
       Vampiric Draining |       |       |       |     1 ||     1
       Frozen Ramparts   |       |       |       |     1 ||     1
Evoke: Wand              |       |       |     2 |     3 ||     5
       Phantom mirror    |       |       |       |     1 ||     1
  Use: Scroll            |     1 |       |     8 |     7 ||    16
       Potion            |       |     2 |     3 |     4 ||     9
 Stab: Sleeping          |     2 |       |     6 |     1 ||     9
       Distracted        |       |       |     1 |       ||     1
Armor: Robe              |     8 |     5 |    21 |    16 ||    50
Dodge: Dodged            |    27 |    33 |   126 |    99 ||   285
